 Seeded DCSS version 0.29-a0-902-g0f71de6fce (webtiles) character file.

Game seed: 25220725 (custom seed)

44 purpskrrrp the Shooter (level 3, -1/27 HPs)
             Began as a Formicid Hunter on July 25, 2022.
             Slain by an iguana (5 damage)
             ... on level 3 of the Dungeon.
             The game lasted 00:06:06 (1058 turns).

purpskrrrp the Shooter (Formicid Hunter)            Turns: 1058, Time: 00:06:07

Health: -1/27      AC:  3    Str: 15    XL:     3   Next: 85%
Magic:  3/3        EV: 12    Int:  8    God:
Gold:   65         SH:  0    Dex: 19    Spells: 2/2 levels left

rFire   . . .      SeeInvis +   a - +1 shortbow
rCold   . . .      Faith    .   (no shield)
rNeg    . . .      Spirit   .   c - +0 leather armour
rPois   .          Reflect  .   (helmet unavailable)
rElec   .          Harm     .   (no cloak)
rCorr   .          Rampage  .   (no gloves)
Will    .....                   (no boots)
Stlth   ++........              d - amulet of the acrobat
HPRegen 0.09/turn               (no ring)
MPRegen 0.08/turn               (no ring)

@: no status effects
A: permanent stasis, dig shafts and tunnels, antennae 3, four strong arms
a: Dig, Shaft Self


You were on level 3 of the Dungeon.
You visited 1 branch of the dungeon, and saw 4 of its levels.

You collected 65 gold pieces.

Inventory:

Hand Weapons
 a - a +1 shortbow (weapon)
Armour
 c - a +0 leather armour (worn)
Magical Staves
 h - a staff of conjuration
Jewellery
 d - an amulet of the acrobat (around neck)
Scrolls
 b - a scroll of immolation
 e - a scroll of identify {unknown}
Potions
 f - a potion of curing {unknown}


   Skills:
 - Level 2.2 Fighting
 + Level 5.1 Ranged Weapons
 - Level 1.9 Dodging
 - Level 1.2 Stealth


You had 2 spell levels left.
You didn't know any spells.
Your spell library contained the following spells:

 Spells                   Type           Power      Damage    Failure   Level
 Shock                    Conj/Air       0%         1d3       47%         1
 Frozen Ramparts          Ice            0%         1d2       85%         3
 Airstrike                Air            0%         0-1+      99%         4
 Ice Form                 Ice/Tmut       0%         N/A       99%         4
 Summon Ice Beast         Ice/Summ       0%         N/A       99%         4
 Swiftness                Air            Unusable   N/A       N/A         3

Dungeon Overview and Level Annotations

Branches:
Dungeon (4/15)
 Temple: D:4-7

Altars:


Innate Abilities, Weirdness & Mutations

You cannot be hasted, slowed, berserked, paralysed or teleported.
You can dig through walls and to a lower floor.
You have a pair of large antennae on your head. (SInv)
Your four strong arms can wield two-handed weapons with a shield.


Message History

The iguana bites you but does no damage.
You shoot an arrow. The arrow hits the iguana.
The iguana is lightly wounded.
The iguana barely misses you. The iguana bites you!
You shoot an arrow. The arrow barely misses the iguana.
The iguana barely misses you.
You shoot an arrow. The arrow closely misses the iguana.
The iguana bites you.
You shoot an arrow. The arrow hits the iguana.
The iguana is moderately wounded.
The iguana bites you! The iguana bites you.
* * * LOW HITPOINT WARNING * * *
You climb upwards.
There is a stone staircase leading down here.
Okay, then.
Okay, then.
Found a scroll labelled XYABEPL ZAPPAMP.
Found a scroll of teleportation.
You see here a scroll labelled XYABEPL ZAPPAMP.
The iguana attacks as you move away! The iguana misses you.
The iguana attacks as you move away! The iguana completely misses you.
You are too injured to fight recklessly!
Fire: a) +1 shortbow
Press: ? - help, Shift-Dir - straight line, f - iguana
Aim: an iguana (moderately wounded, 69% to hit)
You shoot an arrow. The arrow hits the iguana.
The iguana is heavily wounded.
The iguana bites you.
* * * LOW HITPOINT WARNING * * *
The iguana misses you.
Fire: a) +1 shortbow
Press: ? - help, Shift-Dir - straight line, f/p - iguana
Aim: an iguana (heavily wounded, 69% to hit)
You shoot an arrow. The arrow closely misses the iguana.
The iguana bites you.
* * * LOW HITPOINT WARNING * * *
Fire: a) +1 shortbow
Press: ? - help, Shift-Dir - straight line, f/p - iguana
Aim: an iguana (heavily wounded, 69% to hit)
You shoot an arrow. The arrow barely misses the iguana.
The iguana bites you.
You die...

###########
#.........#
#.....l@..# ##
#..######.#
#...###?.##....
..
#...........#
...
#..?###..####..
### ##
#........
#.#######.#
#..>......#
#########.#


You could see an iguana.

Vanquished Creatures
  An ufetubus (D:4)
  A worm (D:2)
  5 endoplasms
  5 goblins
  3 hobgoblins
  2 kobolds
  A quokka (D:4)
  3 ball pythons
  2 bats
  2 frilled lizards (D:1)
  8 rats
33 creatures vanquished.

Notes
Turn   | Place    | Note
-------+----------+-------------------------------------------
     0 | D:1      | purpskrrrp the Formicid Hunter began the quest for the Orb.
     0 | D:1      | Reached XP level 1. HP: 16/16 MP: 1/1
   107 | D:1      | Reached XP level 2. HP: 22/22 MP: 2/2
   669 | D:2      | Reached XP level 3. HP: 18/27 MP: 3/3
   960 | D:2      | You fall into a shaft and drop 2 floors!
   976 | D:4      | Reached skill level 5 in Ranged Weapons
  1058 | D:3      | Slain by an iguana

Illustrated notes

Levels and vault maps discovered:
D:1:      tarquinn_simple_flora_water_f, layout_basic
D:2:      layout_rooms, chequers_ecumenical_altar_grove,
          chequers_serial_rivers_marsh
D:3:      layout_loops_corners, nicolae_uskayaw_dance_hall,
          mainiacjoe_overflow_brackets, slow_altar_2, minmay_misc_feat_pillars,
          uniq_ijyb, uniq_terence, uniq_jessica, uniq_grinder
D:4:      layout_rooms

Skill      XL: |  1  2  3 |
---------------+----------+-----
Ranged Weapons | 5 |  5.1
Fighting       | |  2.2
Dodging        | |  1.9
Stealth        | |  1.2

Action                   || total
-------------------------++-------
 Fire: Shortbow          ||    91
  Use: Scroll            ||     3
Armor: Leather armour    ||     2
Dodge: Dodged            ||    20

Table legend: (Time is in decaauts)
 A = Elapsed time spent in this place.
 B = Non-inter-level travel time spent in this place.
 C = Inter-level travel time spent in this place.
 D = Time resting spent in this place.
 E = Time spent auto-exploring this place.
 F = Levels seen in this place.
 G = Mean time per level.
                   A        B        C        D        E       F      G
               +--------+--------+--------+--------+--------+-----+--------+
         Total |   1086 |   1058 |     28 |    144 |    640 |   4 |  271.5 |
       Dungeon |   1086 |   1058 |     28 |    144 |    640 |   4 |  271.5 |
               +--------+--------+--------+--------+--------+-----+--------+

Top non-repeatable levels by time:
     D:1: 601 daAuts
     D:2: 381 daAuts
     D:4: 88 daAuts
     D:3: 15 daAuts
